[Event "Early-Titled-Tuesday-Blitz-April-23-2024"]
[Site "Chess.com"]
[Date "2024.04.23"]
[Round "1"]
[White "maurovargas01"]
[Black "lupta_robin"]
[Result "0-1"]
[WhiteElo "1894"]
[BlackElo "2565"]
[TimeControl "180+1"]
[EndTime "8:06:32 PDT"]
[Termination "lupta_robin won by checkmate"]

1. e4 Nc6 2. Nc3 e5 3. f4 Bc5 4. Nf3 d6 5. d3 Nf6 6. Na4 Bb6 7.
Nxb6 axb6 8. g3 exf4 9. Bxf4 d5 10. e5 Nh5 11. Bg5 f6 12. exf6 Nxf6 13. Bg2 O-O 14. O-O h6 15. Bf4 Ng4 16. d4 Bf5 17. Qd2 Nf6 18.
Nh4 Be4 19. Rae1 Rxa2 20. Qc3 Ra8 21. Qb3 Kh7 22. c3 Qd7 23. Nf3 Rae8 24. Ne5 Nxe5 25. dxe5 Bxg2 26. Kxg2 Ne4 27. Rd1 Rd8 28. Rfe1 Rxf4 29.
gxf4 Qg4+ 30. Kh1 Nf2# 0-1

[Event "Early-Titled-Tuesday-Blitz-April-23-2024"]
[Site "Chess.com"]
[Date "2024.04.23"]
[Round "1"]
[White "kuli4ik"]
[Black "JM05C"]
[Result "1-0"]
[WhiteElo "2882"]
[BlackElo "2501"]
[TimeControl "180+1"]
[EndTime "8:06:33 PDT"]
[Termination "kuli4ik won by resignation"]

1. d4 Nf6 2. c4 g6 3. Nc3 Bg7 4.
e4 d6 5. Be2 O-O 6. Be3 e5 7.
d5 a5 8. g4 Na6 9. g5 Nd7 10.
h4 Ndc5 11. h5 c6 12. Qd2 a4 13. O-O-O cxd5 14. cxd5 Nb4 15. Kb1 a3 16. b3 Qa5 17.
f3 Bd7 18. Nh3 Rfc8 19. Rc1 b5 20. Nf2 Ra7 21. Nd3 Nbxd3 22. Bxd3 Rac7 23. Nxb5 Bxb5 24. Qxa5 Bxd3+ 25. Ka1 f5 26. gxf6 Bxf6 27. hxg6 hxg6 28. Bxc5 Rxc5 29. Rxc5 Rxc5 30. Qxa3 Rc7 31. Qxd6 1-0

[Event "Early-Titled-Tuesday-Blitz-April-23-2024"]
[Site "Chess.com"]
[Date "2024.04.23"]
[Round "1"]
[White "komogro"]
[Black "MetiForce"]
[Result "1-0"]
[WhiteElo "2551"]
[BlackElo "2939"]
[TimeControl "180+1"]
[EndTime "8:06:34 PDT"]
[Termination "komogro won by resignation"]

1. Nf3 f5 2. d3 Nf6 3. e4 d6 4.
Nc3 e5 5. Bg5 Be7 6. g3 O-O 7.
Bxf6 Bxf6 8. Bh3 Be7 9. O-O Nc6 10. exf5 Bxf5 11. Bxf5 Rxf5 12. d4 Qf8 13. Kg2 Qf7 14. d5 Nb4 15. a3 Rf8 16. axb4 Rxf3 17. Ne4 c6 18. c4 a6 19. dxc6 Qxc4 20. Nd2 Qxc6 21.
Nxf3 g5 22. Rc1 Qe4 23. Re1 Qf5 24. Qd5+ Kh8 25. Qe4 Qd7 26. h3 Bf6 27. Red1 h5 28. Nxe5 1-0

[Event "Early-Titled-Tuesday-Blitz-April-23-2024"]
[Site "Chess.com"]
[Date "2024.04.23"]
[Round "1"]
[White "manmanlai1"]
[Black "Rsnr"]
[Result "1-0"]
[WhiteElo "2529"]
[BlackElo "2890"]
[TimeControl "180+1"]
[EndTime "8:06:34 PDT"]
[Termination "manmanlai1 won by resignation"]

1. e4 e5 2. Nf3 Nc6 3. Bc4 Bc5 4. b4 Bxb4 5. c3 Ba5 6. d4 d6 7. Qb3 Nxd4 8. Nxd4 exd4 9. Bxf7+ Kf8 10. Bxg8 Rxg8 11.
O-O dxc3 12. Nxc3 Bxc3 13. Qxc3 Be6 14. Ba3 Ke8 15. f4 Bf7 16. e5 Kd7 17. exd6 cxd6 18.
Bxd6 Qb6+ 19. Bc5 Qc6 20. Rad1+ Kc8 21. Rd6 Qc7 22. Qh3+ Kb8 23. Rc1 b6 24. Ba3 Qb7 25. Rd7 1-0

[Event "Early-Titled-Tuesday-Blitz-April-23-2024"]
[Site "Chess.com"]
[Date "2024.04.23"]
[Round "1"]
[White "ChadBiryani"]
[Black "KogotBobra17"]
[Result "0-1"]
[WhiteElo "2441"]
[BlackElo "2769"]
[TimeControl "180+1"]
[EndTime "8:06:34 PDT"]
[Termination "KogotBobra17 won by resignation"]

1. c4 e6 2. g3 d5 3. Bg2 Nf6 4. Nf3 dxc4 5. Na3 Bxa3 6. Qa4+ b5 7. Qxa3 Bb7 8. O-O Qe7 9. Qa5 a6 10. b3 cxb3 11. axb3 c5 12. Bb2 O-O 13. Rfc1 Rc8 14. d4 cxd4 15. Rxc8+ Bxc8 16. Nxd4 Nd5 17. Rc1 Nd7 18.
Nc6 Qe8 19. e4 N5f6 20. Ba3 Bb7 21. Ne7+ Kh8 22. Rc7 Bxe4 23. Qd2 Bxg2 24. Kxg2 Rd8 25. Qe3 a5 26. Nc6 Ra8 27. Qd4 Nd5 28. Rb7 Rc8 29. Nxa5 N7f6 30. Bd6 Qd8 31. Bb4 Nxb4 32.
Qxb4 Qd5+ 33. Kg1 Rc1+ 0-1

[Event "Early-Titled-Tuesday-Blitz-April-23-2024"]
[Site "Chess.com"]
[Date "2024.04.23"]
[Round "1"]
[White "AcostaPablo"]
[Black "Sasha_Solovev_777"]
[Result "1-0"]
[WhiteElo "2608"]
[BlackElo "2206"]
[TimeControl "180+1"]
[EndTime "8:06:34 PDT"]
[Termination "AcostaPablo won on time"]

1. e4 c5 2. Nf3 d6 3. Bb5+ Nd7 4.
O-O a6 5. Bxd7+ Bxd7 6. c4 Bc6 7. Nc3 e5 8. d3 g6 9. Nd5 Bxd5 10. cxd5 Bg7 11.
h3 Ne7 12. Nh2 O-O 13. f4 f5 14. fxe5 Bxe5 15. Bh6 Rf7 16. Nf3 Bf6 17. Qd2 c4 18. dxc4 fxe4 19. Ng5 Bxg5 20. Bxg5 Qb6+ 21. Be3 Qc7 22. Rxf7 Kxf7 23. Rf1+ Kg8 24. b3 Nf5 25. Qf2 Nxe3 26. Qxe3 Qe7 27. Qd4 Re8 28. Qf6 e3 29. Qxe7 Rxe7 30. Re1 Re4 31. Kf1 Rf4+ 32. Ke2 Rf2+ 33. Kxe3 Rxa2 34. Kd4 Rb2 35. Re6 Rxb3 36.
Rxd6 a5 37. Rd8+ Kf7 38. Ra8 1-0

[Event "Early-Titled-Tuesday-Blitz-April-23-2024"]
[Site "Chess.com"]
[Date "2024.04.23"]
[Round "1"]
[White "StelaSfw"]
[Black "RojonR"]
[Result "0-1"]
[WhiteElo "1723"]
[BlackElo "2562"]
[TimeControl "180+1"]
[EndTime "8:06:35 PDT"]
[Termination "RojonR won by checkmate"]

1. e4 c5 2. Nf3 Nc6 3. d4 cxd4 4. Nxd4 Qc7 5. Nc3 e6 6. Nxc6 bxc6 7. Bc4 d5 8. exd5 cxd5 9. Bb3 Nf6 10. O-O Bd7 11.
h3 Bd6 12. Re1 O-O 13. Qe2 a5 14. a4 Bh2+ 15. Kh1 Bf4 16. Bxf4 Qxf4 17. Nb5 Ne4 18. Nd4 Nxf2+ 19. Kg1 Nxh3+ 20. gxh3 Qxd4+ 21. Qf2 Qxb2 22. Kh2 Qf6 23. Qxf6 gxf6 24. Rg1+ Kh8 25. Raf1 f5 26. Rg2 Rg8 27. Rgf2 Rac8 28. Kh1 Rc3 29. Kh2 Rgg3 30. Rg2 Rxh3+ 31. Kg1 Rhg3 32. Rxg3 Rxg3+ 33. Kh2 Rg4 34. Rf2 Bxa4 35. Bxa4 Rxa4 36. Kg2 Rc4 37. Re2 a4 38. c3 Rxc3 39. Ra2 a3 40. Kf2 Rb3 41. Ke1 Rb1+ 42. Kd2 Rb2+ 43. Rxb2 axb2 44. Kc2 h5 45. Kxb2 h4 46.
Kc3 h3 47. Kd4 h2 48. Ke5 Kg7 49. Kd6 Kf6 50. Kd7 d4 51. Ke8 h1=Q 52. Kd7 Qd5+ 53. Ke8 Qc6+ 54. Kd8 Qd6+ 55. Kc8 d3 56. Kb7 d2 57. Kc8 d1=Q 58. Kb7 Qc2 59. Ka7 Qdc7+ 60. Ka6 Qa4# 0-1

[Event "Early-Titled-Tuesday-Blitz-April-23-2024"]
[Site "Chess.com"]
[Date "2024.04.23"]
[Round "1"]
[White "WiktoriaPOL"]
[Black "Harry_Rakkel"]
[Result "1-0"]
[WhiteElo "2410"]
[BlackElo "2694"]
[TimeControl "180+1"]
[EndTime "8:06:37 PDT"]
[Termination "WiktoriaPOL won by resignation"]

1. c4 Nf6 2. Nc3 e5 3. Nf3 Nc6 4. e4 g6 5. d4 exd4 6. Nxd4 d6 7. Be2 Bg7 8. Be3 O-O 9. O-O Re8 10. f3 a6 11. Qd2 Ne5 12. Bg5 c6 13. Nc2 Be6 14. Ne3 b5 15. f4 Nxc4 16. Nxc4 Bxc4 17. Bxc4 bxc4 18. e5 Qb6+ 19. Kh1 Ng4 20. exd6 f6 21. Bh4 Rad8 22. h3 Ne3 23. Rfe1 Nf5 24. Bf2 Qb7 25.
Rxe8+ Rxe8 26. Na4 Rd8 27. Nc5 Qf7 28. d7 Bf8 29. Rd1 h5 30. Nb7 Be7 31. Nxd8 Bxd8 32. Qc3 Kh7 33. Qb4 h4 34. Bb6 Qg8 35. Bxd8 Qxd8 36.
Qc5 Kh6 37. Qxc6 Ne3 38. Qc8 Qa5 39. d8=Q Qxd8 40. Qxd8 Nf5 41. Rd2 g5 42. Qxf6+ Kh7 43. Qxf5+ Kg8 44. Qxg5+ Kf7 45. Qf5+ 1-0

[Event "Early-Titled-Tuesday-Blitz-April-23-2024"]
[Site "Chess.com"]
[Date "2024.04.23"]
[Round "1"]
[White "biveklama"]
[Black "rikchessmx"]
[Result "1-0"]
[WhiteElo "2614"]
[BlackElo "2232"]
[TimeControl "180+1"]
[EndTime "8:06:37 PDT"]
[Termination "biveklama won by checkmate"]

1. e4 c5 2. Nf3 e6 3. d4 cxd4 4.
Nxd4 a6 5. Nc3 Qc7 6. Be2 Nf6 7. Be3 h5 8. Qd3 b5 9. Bf3 Nc6 10. Nxc6 dxc6 11. O-O-O Be7 12. Kb1 Bb7 13. Qe2 c5 14. e5 Nd7 15. Ne4 Nxe5 16. Bf4 Bd5 17. Ng5 f6 18. Bxd5 exd5 19. Ne6 Qd7 20. Nxg7+ Kf7 21.
Nxh5 Ng6 22. g4 d4 23. Bg3 Rhe8 24. Rhe1 c4 25. Qe4 Bc5 26. Qf3 Be7 27. h4 b4 28.
Nf4 Ne5 29. Qe4 Qxg4 30. Qd5+ Kg7 31. Ne6+ Kg6 32. Bxe5 fxe5 33. Rg1 Qxg1 34. Rxg1+ Kf5 35.
Nxd4+ Kf4 36. Qf3# 1-0

[Event "Early-Titled-Tuesday-Blitz-April-23-2024"]
[Site "Chess.com"]
[Date "2024.04.23"]
[Round "1"]
[White "AryanTari"]
[Black "CristianS27"]
[Result "1-0"]
[WhiteElo "2953"]
[BlackElo "2534"]
[TimeControl "180+1"]
[EndTime "8:06:38 PDT"]
[Termination "AryanTari won on time"]

1. e4 e5 2. Nf3 Nc6 3. Bb5 a6 4. Ba4 Nf6 5. Nc3 b5 6. Bb3 Bc5 7. a4 Rb8 8. O-O d6 9. Nd5 O-O 10. d4 exd4 11. Bg5 Bg4 12. h3 Bh5 13. axb5 axb5 14.
g4 Bg6 15. Ra6 Nb4 16. Bxf6 gxf6 17. Nxb4 Bxb4 18. Qxd4 Bc5 19. Qd3 Re8 20. Bd5 h5 21. Nh4 Kg7 22. gxh5 Bh7 23. Kh2 Re5 24. Rg1+ Kh8 25.
Bxf7 Bxe4 26. Ng6+ Kh7 27. Qd2 Rf5 28. Nf8+ Qxf8 29.
Bg6+ Kh8 30. Bxf5 Bxf5 31. Qd5 Qc8 32. Qf7 1-0

[Event "Early-Titled-Tuesday-Blitz-April-23-2024"]
[Site "Chess.com"]
[Date "2024.04.23"]
[Round "1"]
[White "GeorgiosSouleidis"]
[Black "CrazyMartian"]
[Result "1-0"]
[WhiteElo "2673"]
[BlackElo "2363"]
[TimeControl "180+1"]
[EndTime "8:06:38 PDT"]
[Termination "GeorgiosSouleidis won by resignation"]

1. e4 c5 2. Be2 b6 3. d3 Bb7 4.
f4 d5 5. Nd2 dxe4 6. dxe4 Nf6 7. Bb5+ Bc6 8. Qe2 Qd7 9. a4 e6 10. Ngf3 Qb7 11. Ne5 a6 12. Nxc6 Nxc6 13. Bc4 Nd4 14.
Qd3 Be7 15. c3 Nc6 16. O-O O-O 17. Qe2 Na5 18. Bd3 c4 19. Bc2 b5 20. Nf3 Bc5+ 21.
Kh1 Nb3 22. Bxb3 cxb3 23. Re1 Rfd8 24. h3 Nh5 25. Kh2 Qb6 26. Rf1 b4 27. cxb4 Qxb4 28.
Ne5 Qb7 29. Qxh5 1-0

[Event "Early-Titled-Tuesday-Blitz-April-23-2024"]
[Site "Chess.com"]
[Date "2024.04.23"]
[Round "1"]
[White "FuenfgegenWilly"]
[Black "Byniolus"]
[Result "0-1"]
[WhiteElo "2480"]
[BlackElo "2845"]
[TimeControl "180+1"]
[EndTime "8:06:39 PDT"]
[Termination "Byniolus won by resignation"]

1. d4 d6 2. e4 Nf6 3. Nc3 c6 4. g3 b5 5. Bg2 e5 6. Nge2 Nbd7 7. h3 Be7 8. Be3 O-O 9. O-O Bb7 10. Kh2 Re8 11.
f4 Bf8 12. dxe5 dxe5 13. f5 h6 14. g4 Bc5 15. Qd2 Bxe3 16. Qxe3 Qb6 17. Qg3 b4 18. Na4 Qb5 19. g5 hxg5 20. Qxg5 Qxe2 21. Rf3 Nxe4 22. Qh4 Ndf6 23. Re1 Qxc2 24. Rb3 c5 25. Nxc5 Nxc5 26. Rg3 Ncd7 27. Qg5 Kf8 28. Qxg7+ Ke7 29. Rg6 Be4 30.
Kg1 Rg8 31. Qh6 Rxg6 0-1

[Event "Early-Titled-Tuesday-Blitz-April-23-2024"]
[Site "Chess.com"]
[Date "2024.04.23"]
[Round "1"]
[White "luckyswitchback"]
[Black "LifeIsAllAboutChess23"]
[Result "1-0"]
[WhiteElo "2704"]
[BlackElo "2384"]
[TimeControl "180+1"]
[EndTime "8:06:39 PDT"]
[Termination "luckyswitchback won by resignation"]

1. e4 c6 2. d4 d5 3. e5 Bf5 4.
h4 h5 5. c4 e6 6. Nc3 Ne7 7.
Nge2 Nd7 8. Ng3 Bg6 9. Bg5 Qb6 10. Rc1 Qxb2 11. Bd3 Bxd3 12. Qxd3 dxc4 13. Qxc4 Nd5 14.
Nxd5 exd5 15. Qd3 Bb4+ 16. Kf1 Qxa2 17. Qf5 Nf8 18. Rh3 Ne6 19. Qd3 Qa6 20. Qxa6 bxa6 21.
Rxc6 a5 22. Nf5 Kd7 23. Rc2 Rhc8 24. Ra2 Rc6 25. Rf3 Ke8 26. g3 Rd8 27. Rd3 Rdc8 28. Kg2 Rc2 29. Rxc2 Rxc2 30. Ne3 Nc7 31. Nxc2 Kd7 32.
Bd2 Kc6 33. Bxb4 axb4 34. Nxb4+ Kb5 35. Rc3 Ne6 36. Nxd5 Nxd4 37. Rc7 a5 38. Rxf7 Ne6 39. Nc7+ Nxc7 40. Rxc7 a4 41. Ra7 Kc6 42. Rxa4 Kd5 43. Re4 Ke6 44. f4 g6 45. Re1 Ke7 46. e6 Ke8 47. e7 1-0

[Event "Early-Titled-Tuesday-Blitz-April-23-2024"]
[Site "Chess.com"]
[Date "2024.04.23"]
[Round "1"]
[White "PolandHussars"]
[Black "shirovin"]
[Result "1-0"]
[WhiteElo "2577"]
[BlackElo "2049"]
[TimeControl "180+1"]
[EndTime "8:06:42 PDT"]
[Termination "PolandHussars won on time"]

1. e4 Nf6 2. Nc3 d5 3. exd5 Nxd5 4. g3 g6 5. Bg2 Nxc3 6. bxc3 Bg7 7. Rb1 O-O 8. Ne2 Nc6 9. O-O e5 10. d3 Qd6 11. c4 Rb8 12. Nc3 Nd4 13. Re1 h5 14. h3 c6 15. Ne4 Qc7 16. Ba3 Rd8 17. Kh2 Be6 18. Qc1 b6 19. Bb4 c5 20. Bd2 Qc8 21. Bg5 Rf8 22. Be7 Re8 23. Nd6 Qd7 24. Nxe8 Qxe7 25.
Nxg7 Kxg7 26. Rxe5 Qf6 27. f4 Nc6 28. Re1 Rd8 29.
Qe3 Nd4 30. Rbc1 Kh7 31. Qe5 Qe7 32. Qe3 Qd7 33. Qf2 Qd6 34. Re5 Nc6 35. Bxc6 Qxc6 36.
Rce1 Qd6 37. Qe3 Rd7 38. Qe4 Kg7 39. Rg5 f6 40. Qxg6+ 1-0

[Event "Early-Titled-Tuesday-Blitz-April-23-2024"]
[Site "Chess.com"]
[Date "2024.04.23"]
[Round "1"]
[White "valeriocarnicelli"]
[Black "TigrVShlyape"]
[Result "0-1"]
[WhiteElo "2544"]
[BlackElo "3037"]
[TimeControl "180+1"]
[EndTime "8:06:43 PDT"]
[Termination "TigrVShlyape won on time"]

1. e4 c5 2. Nf3 e6 3. d4 cxd4 4. Nxd4 a6 5. c4 Bc5 6. Nb3 Ba7 7.
Nc3 d6 8. Bd3 Nf6 9. O-O O-O 10.
Qe2 e5 11. Be3 Bxe3 12. Qxe3 Be6 13. Nd5 Bxd5 14. cxd5 Nbd7 15. a4 a5 16. Bb5 b6 17.
Rac1 Nc5 18. Nxc5 bxc5 19. Rc3 g6 20. Rb3 Rb8 21. Rc1 Kh8 22. Rcc3 Ng4 23. Qg3 f5 24. exf5 gxf5 25. f3 Nf6 26. Bc6 Rb4 27. Rxb4 cxb4 28. Rc4 Rg8 29. Qf2 f4 30. Qa7 e4 31.
fxe4 Ng4 32. Qd4+ Ne5 33. Rc2 Qf6 34. Kh1 f3 35. g3 h5 36. Bb5 h4 37. Qf2 hxg3 38. hxg3 Kg7 39. Kg1 Qg5 40. Rc7+ Kf6 41. Rc2 Qh4 42. Kf1 Rxg3 43. Ke1 Rg1+ 44. Bf1 Nd3+ 0-1

[Event "Early-Titled-Tuesday-Blitz-April-23-2024"]
[Site "Chess.com"]
[Date "2024.04.23"]
[Round "1"]
[White "Pasmendjambvirgulptipon98"]
[Black "Aslanov_Umid"]
[Result "0-1"]
[WhiteElo "2324"]
[BlackElo "2643"]
[TimeControl "180+1"]
[EndTime "8:06:43 PDT"]
[Termination "Aslanov_Umid won on time"]

1. Nf3 d5 2. g3 c6 3. Bg2 Nf6 4. O-O Bg4 5. Ne5 Bh5 6. d4 Nbd7 7. Bf4 e6 8. c4 Be7 9. Nc3 O-O 10.
Qb3 Qb6 11. c5 Qa6 12. Rfe1 Nxe5 13. Bxe5 Nd7 14. Bf4 b6 15. e4 Bf6 16. Bd6 Rfc8 17. e5 Bd8 18. Bf1 Qa5 19. cxb6 Qxb6 20. Qa3 Qxd4 21.
Ba6 Bb6 22. Rf1 Re8 23. Bb7 Rad8 24. Bxc6 Bf3 25. Nb5 Qg4 26. h3 Qh5 27. Nc7 Bc5 28. Bxc5 Nxe5 29. h4 Qg4 30. Nxe8 Qh3 0-1

[Event "Early-Titled-Tuesday-Blitz-April-23-2024"]
[Site "Chess.com"]
[Date "2024.04.23"]
[Round "1"]
[White "adapodadei"]
[Black "Raskolnikov6"]
[Result "1-0"]
[WhiteElo "2717"]
[BlackElo "2400"]
[TimeControl "180+1"]
[EndTime "8:06:44 PDT"]
[Termination "adapodadei won by resignation"]

1. c4 Nf6 2. Nc3 g6 3. g3 Bg7 4. Bg2 O-O 5. d4 d6 6. Nf3 c5 7. dxc5 dxc5 8. Qxd8 Rxd8 9. Be3 Na6 10. Ne5 Ne8 11. f4 Rb8 12. O-O Nd6 13. Rfd1 Be6 14. b3 Nf5 15. Bf2 Bxe5 16. fxe5 b6 17. Nb5 Rxd1+ 18. Rxd1 Nb4 19. a3 a6 20. Nc7 Nc2 21.
Rc1 Ncd4 22. Bf3 Nxf3+ 23. exf3 a5 24. g4 Ng7 25. a4 Rc8 26. Nd5 Bxd5 27. cxd5 f6 28. f4 g5 29. fxg5 fxe5 30. Bg3 Rd8 31. Rd1 e6 32. d6 Rd7 33. Bxe5 Ne8 34. h4 Kf7 35. Kg2 Kg6 36. Kg3 h5 37. gxh6 Kxh6 38. Kf4 Kg6 39. h5+ Kf7 40. g5 Ng7 41. Bxg7 Kxg7 42. Ke5 Kf7 43. Rf1+ 1-0

[Event "Early-Titled-Tuesday-Blitz-April-23-2024"]
[Site "Chess.com"]
[Date "2024.04.23"]
[Round "1"]
[White "MVM2008"]
[Black "Suleyman_Chess06"]
[Result "1-0"]
[WhiteElo "2495"]
[BlackElo "2826"]
[TimeControl "180+1"]
[EndTime "8:06:46 PDT"]
[Termination "MVM2008 won by resignation"]

1. e4 e6 2. d4 d5 3. Nd2 Be7 4.
Ngf3 Nf6 5. e5 Nfd7 6. Bd3 c5 7. c3 Nc6 8. O-O Qb6 9. a3 O-O 10. h3 a5 11. Qe2 a4 12. Re1 cxd4 13. cxd4 Nxd4 14.
Nxd4 Qxd4 15. Nf3 Qb6 16. Bg5 Bc5 17. Bf4 f5 18. exf6 Nxf6 19. Be5 Bd7 20. Rad1 Bc6 21. Ng5 Ne4 22. Bxe4 Rxf2 23. Bxh7+ Kf8 24. Qh5 Ke7 25.
Nxe6 Kxe6 26. Qg4+ Ke7 27. Qxg7+ Rf7+ 28. Bd4+ Kd6 29.
Qg6+ Kc7 30. Qxf7+ Kb8 31. Qf8+ Bxf8 32. Bxb6 1-0

[Event "Early-Titled-Tuesday-Blitz-April-23-2024"]
[Site "Chess.com"]
[Date "2024.04.23"]
[Round "1"]
[White "H3nriqueTV"]
[Black "AljoschaFeuerstack"]
[Result "1/2-1/2"]
[WhiteElo "2291"]
[BlackElo "2615"]
[TimeControl "180+1"]
[EndTime "8:06:46 PDT"]
[Termination "Game drawn by repetition"]

1. e4 c6 2. d4 d5 3. Nc3 a6 4. exd5 cxd5 5. Nf3 Nc6 6. a3 Bg4 7. Bf4 e6 8. Be2 Qb6 9. Na4 Qa7 10. O-O Bxf3 11.
Bxf3 Nxd4 12. Be3 Nxf3+ 13. gxf3 Qb8 14. Nb6 Ra7 15. Qd4 Bd6 16. Nxd5 b6 17. Nxb6 Rb7 18. Nc4 Bxh2+ 19. Kh1 Nf6 20. f4 Rd7 21. Qe5 Qb7+ 22. f3 Ng4 23. Qxg7 Nxe3 24. Qxh8+ Ke7 25. Qxh7 Nxf1 26.
Qh4+ Kf8 27. Qh8+ Ke7 28. Qh4+ Kf8 29. Qh8+ Ke7 30. Qh4+ 1/2-1/2

[Event "Early-Titled-Tuesday-Blitz-April-23-2024"]
[Site "Chess.com"]
[Date "2024.04.23"]
[Round "1"]
[White "2L8IWUN"]
[Black "theoneandonlydaaevik"]
[Result "0-1"]
[WhiteElo "2070"]
[BlackElo "2581"]
[TimeControl "180+1"]
[EndTime "8:06:46 PDT"]
[Termination "theoneandonlydaaevik won by resignation"]

1. d4 Nf6 2. Nf3 d5 3. Bf4 c5 4. e3 e6 5. Nbd2 Bd6 6. Bg3 O-O 7. c3 Qc7 8. Bd3 Nbd7 9. e4 dxe4 10. Nxe4 Nxe4 11. Bxe4 Nf6 12. Bd3 h6 13. dxc5 Bxg3 14.
hxg3 Qxc5 15. O-O b6 16. Qe2 Bb7 17. Qe5 Qe7 18. Rad1 Rfd8 19. Be2 Bd5 20. c4 Bc6 21. Nd4 Be4 22. f3 Qc5 23. Qxc5 bxc5 24. Nb3 Rxd1 25. Rxd1 Bc2 26. Rd2 Bxb3 27. axb3 Rb8 28. Rd3 Kf8 29. g4 Ke7 30. Kf2 Nd7 31. Ke3 Ne5 32. Rc3 Nc6 33. Bd3 Nd4 34. Bc2 Nxc2+ 35. Rxc2 Rxb3+ 36. Kd2 Kd6 37. Ke2 Ke5 38. Rd2 a5 39. Kf2 Rb4 40. Rd7 Rxb2+ 0-1

[Event "Early-Titled-Tuesday-Blitz-April-23-2024"]
[Site "Chess.com"]
[Date "2024.04.23"]
[Round "1"]
[White "amanjazu"]
[Black "michaelq2d5"]
[Result "0-1"]
[WhiteElo "2526"]
[BlackElo "2933"]
[TimeControl "180+1"]
[EndTime "8:06:47 PDT"]
[Termination "michaelq2d5 won by resignation"]

1. g3 d5 2. Bg2 Nf6 3. f4 Bf5 4. Nf3 e6 5. O-O h6 6. d3 Be7 7. Nc3 O-O 8. Qe1 c5 9. e4 Bh7 10. h3 Nc6 11. Kh2 Rc8 12. e5 Nd7 13. g4 Nd4 14.
Rf2 Nxf3+ 15. Rxf3 c4 16. d4 Bxc2 17. f5 Bg5 18.
Bxg5 Qxg5 19. Qg3 h5 20. Raf1 Bd3 21. R1f2 h4 22. Qf4 Qxf4+ 23. Rxf4 g5 24. fxg6 Bxg6 25. g5 Kg7 26. Rxh4 Rh8 27. Rhf4 a6 28. a4 Rc7 29. a5 Nb8 30. h4 Nc6 31. Kg3 Nxa5 32. Bf3 Nc6 33.
Rh2 Bd3 34. h5 Ne7 35. Bg4 Nf5+ 36. Bxf5 Bxf5 37. Nxd5 Rd7 38. Nf6 Rc7 39. h6+ Kg6 40. Rh5 c3 41. h7 cxb2 42. Rh6+ Kg7 43. Nh5+ Kf8 44. Rf1 b1=Q 0-1

[Event "Early-Titled-Tuesday-Blitz-April-23-2024"]
[Site "Chess.com"]
[Date "2024.04.23"]
[Round "1"]
[White "HajiyevKanan"]
[Black "sterpfi"]
[Result "1-0"]
[WhiteElo "2611"]
[BlackElo "2212"]
[TimeControl "180+1"]
[EndTime "8:06:48 PDT"]
[Termination "HajiyevKanan won by resignation"]

1. d4 d5 2. Nf3 Nf6 3. c4 e6 4. Nc3 a6 5. cxd5 exd5 6. Qc2 Be6 7. Bg5 Bd6 8. Ne5 O-O 9. e3 h6 10. Bh4 Nbd7 11. f4 Be7 12. f5 Ne4 13. Bxe7 Qxe7 14.
fxe6 Qh4+ 15. g3 Nxg3 16. Qf2 Nxe5 17. Qxg3 Nf3+ 18. Kf2 fxe6 19. Qxh4 Nxh4+ 20. Ke2 g5 21. Bh3 Rf6 22. Raf1 Raf8 23. Rxf6 Rxf6 24. Bg4 Kf7 25.
Nd1 Ke7 26. Nf2 Kd6 27. Nd3 b6 28. b4 Ng6 29. a4 e5 30. Bh5 exd4 31. Bxg6 Rxg6 32.
exd4 Rf6 33. Rc1 Rf4 34. Nxf4 gxf4 35. Kf3 1-0

[Event "Early-Titled-Tuesday-Blitz-April-23-2024"]
[Site "Chess.com"]
[Date "2024.04.23"]
[Round "1"]
[White "average_trans"]
[Black "Barmen_EV"]
[Result "1-0"]
[WhiteElo "2184"]
[BlackElo "2578"]
[TimeControl "180+1"]
[EndTime "8:06:48 PDT"]
[Termination "average_trans won by resignation"]

1. d4 Nf6 2. Bf4 g6 3. e3 Bg7 4.
c3 O-O 5. h3 d6 6. Bd3 Nbd7 7. Ne2 e5 8. Bh2 h6 9. O-O Nh7 10. Bc2 f5 11. dxe5 dxe5 12. b4 Nb6 13. Bb3+ Kh8 14. Nd2 g5 15. f3 Qe7 16. Rc1 Be6 17. c4 Rad8 18. Qc2 Qxb4 19. c5 Rxd2 20. Qc3 Qxc3 21. Nxc3 Bxb3 22. cxb6 Be6 23. bxc7 a6 24. Na4 Rc8 25. Nb6 f4 26. Nxc8 Bxc8 27. e4 Bf8 28. Rfd1 Bc5+ 29. Kh1 Rxd1+ 30. Rxd1 Bd4 31. Bg1 Nf6 32.
Bxd4 exd4 33. Rxd4 Nd7 34. e5 Kg7 35. e6 Nb6 36.
Rd6 Nc4 37. Rd8 Nb6 38. e7 Bd7 39. Rxd7 Nxd7 1-0

[Event "Early-Titled-Tuesday-Blitz-April-23-2024"]
[Site "Chess.com"]
[Date "2024.04.23"]
[Round "1"]
[White "lioni26"]
[Black "Shankland"]
[Result "1-0"]
[WhiteElo "2562"]
[BlackElo "3052"]
[TimeControl "180+1"]
[EndTime "8:06:49 PDT"]
[Termination "lioni26 won by checkmate"]

1. e4 c5 2. Nc3 Nc6 3. f4 g6 4. Nf3 Bg7 5. a3 b6 6. Bc4 e6 7. f5 Nge7 8. fxe6 dxe6 9. d3 h6 10. O-O g5 11. Kh1 Ng6 12. Qe1 g4 13. Ng1 h5 14. Nge2 Bb7 15. Nf4 Nxf4 16. Bxf4 Qe7 17. Nb5 Ne5 18. Qc3 f6 19. Bxe5 fxe5 20. Qb3 Rh6 21. a4 a6 22. Nc3 Qd6 23. Rf2 Rd8 24. Raf1 Rd7 25. a5 b5 26. Nxb5 axb5 27. Bxb5 Bc6 28.
a6 Rh8 29. a7 Kd8 30. Bxc6 Qxc6 31. Qb8+ Ke7 32. Rf7# 1-0

[Event "Early-Titled-Tuesday-Blitz-April-23-2024"]
[Site "Chess.com"]
[Date "2024.04.23"]
[Round "1"]
[White "Fantastic_Power"]
[Black "KetiTsatsalashvili"]
[Result "1-0"]
[WhiteElo "2737"]
[BlackElo "2419"]
[TimeControl "180+1"]
[EndTime "8:06:49 PDT"]
[Termination "Fantastic_Power won on time"]

1. e4 c5 2. Nf3 d6 3. Nc3 Nc6 4. d4 cxd4 5. Nxd4 Nf6 6. Bg5 a6 7. Qd2 h6 8. Bxf6 gxf6 9. O-O-O h5 10. Kb1 Bh6 11. Qd3 Ne5 12. Qg3 Bd7 13. Be2 h4 14. Qxh4 Rc8 15. Qg3 Kf8 16. f4 Nc4 17. Bxc4 Rxc4 18.
e5 fxe5 19. fxe5 dxe5 20. Qxe5 Bg7 21. Qd5 Qc8 22. Rhf1 Bf6 23. Ne4 Rh6 24. Nxf6 Rxf6 25. Rxf6 exf6 26. Qd6+ Kg7 27. Rd3 Bg4 28. h3 Qe8 29. b3 Qe1+ 30. Kb2 Rc8 31. hxg4 Re8 32. Nf5+ Kg6 33. Qd4 Re4 34. Qd8 Re8 35. Qd7 Qe5+ 36.
Qd4 1-0

[Event "Early-Titled-Tuesday-Blitz-April-23-2024"]
[Site "Chess.com"]
[Date "2024.04.23"]
[Round "1"]
[White "Silvederione"]
[Black "Keranke"]
[Result "0-1"]
[WhiteElo "2474"]
[BlackElo "2834"]
[TimeControl "180+1"]
[EndTime "8:06:50 PDT"]
[Termination "Keranke won by resignation"]

1. d4 e6 2. Nc3 b6 3. Bf4 Bb7 4. e4 Nf6 5. Bd3 c5 6. dxc5 Bxc5 7. Nf3 Bb4 8. Qe2 Nc6 9. O-O Bxc3 10. bxc3 d6 11.
Rfd1 e5 12. Bc1 Nd7 13. Bb5 Qe7 14. Qd3 a6 15. Ba4 b5 16. Bb3 Nc5 17. Qxd6 Qxd6 18. Rxd6 Nxe4 19. Rxc6 Bxc6 20. Nxe5 Bb7 21. Bxf7+ Ke7 22.
f4 Rhd8 23. Ba3+ Kf6 24. Bh5 g6 25. Bf3 Nd6 26. Bc5 Bxf3 27. Nxf3 Nf5 28. g4 Rac8 29. Bb6 Rd6 30. Bf2 Rxc3 31. Kg2 Ne3+ 32. Kg3 Nxc2 33. Rc1 Rdd3 34. g5+ Kf5 35. Kg2 Rxf3 36. Rxc2 Rxc2 37. Kxf3 Rxa2 38. Be3 b4 39. h4 b3 0-1

[Event "Early-Titled-Tuesday-Blitz-April-23-2024"]
[Site "Chess.com"]
[Date "2024.04.23"]
[Round "1"]
[White "Dr_Pepper18"]
[Black "Nemegejas"]
[Result "1-0"]
[WhiteElo "2499"]
[BlackElo "2806"]
[TimeControl "180+1"]
[EndTime "8:06:50 PDT"]
[Termination "Dr_Pepper18 won on time"]

1. d4 Nf6 2. Nf3 d5 3. c4 e6 4. g3 Bb4+ 5. Bd2 Be7 6. Bg2 O-O 7. O-O Nbd7 8. Qc2 c6 9. Rd1 b6 10. b3 a5 11. Nc3 Ba6 12. Ne5 Rc8 13. e4 Nxe5 14. dxe5 Ng4 15. exd5 cxd5 16. cxd5 exd5 17. Qf5 Nh6 18. Bxh6 Rxc3 19. Qg4 g6 20. Bxf8 Qxf8 21.
Rxd5 Rc2 22. Qe4 Re2 23. Qf3 Bc5 24. Rxc5 Qxc5 25. Bf1 Qxe5 26. Rd1 Kg7 27. Bxe2 Bxe2 28. Qd5 Qb2 29. Qd4+ Qxd4 30. Rxd4 b5 31. Rd6 a4 32.
bxa4 bxa4 33. a3 Bc4 34. f4 Bb3 35. Kf2 Kh6 36. Ke3 Kh5 37. h3 Kh6 38. Rb6 Kg7 39. Kd4 1-0